 Dungeon Crawl Stone Soup version 0.25.1-8-g42b30a86e7 (webtiles) character file.

Game seed: 6875036175414415221

37919 hawla the Thaumaturge (level 13, -2/135 HPs)
             Began as a White Draconian Conjurer on Dec 16, 2020.
             Was a High Priest of Ashenzari.
             Killed by divine providence
             ... invoked by a meliai
              (10 damage)
             ... on level 5 of the Lair of Beasts.
             The game lasted 01:12:42 (19993 turns).

hawla the Thaumaturge (White Draconian Conjurer)   Turns: 19993, Time: 01:12:42

Health: -2/135     AC:  9    Str: 13    XL:     13   Next: 61%
Magic:  29/29      EV: 20    Int: 32    God:    Ashenzari [*****.]
Gold:   725        SH:  0    Dex: 14    Spells: 26/37 levels left

rFire    x . .     SeeInvis +   (weapon currently unavailable)
rCold    + + +     Gourm    .   (shield currently unavailable)
rNeg     . . .     Faith    .   (armour unavailable)
rPois    +         Spirit   .   (helmet currently unavailable)
rElec    +         Reflect  .   (cloak currently unavailable)
rCorr    .         Harm     .   (gloves currently unavailable)
MR       .....     Clarity  +   (boots currently unavailable)
Stlth    +++.......             n - amulet of magic regeneration (curse)
HPRegen  0.32/turn              A - ring of Ynto {rC+ EV+4 Int+4 Dex+2} (curse)
MPRegen  0.46/turn              H - ring "Weefraqapt" {rElec Int+6 Stlth+} (curse)

@: lethally poisoned (-2 -> -6), ice-form, slowed, very slow
A: large, (breathe frost), unfitting armour, clever 2, sense surroundings 1, AC
+8
a: End Transformation, Curse Item, Scrying, Transfer Knowledge, Renounce
Religion


You were on level 5 of the Lair of Beasts.
You worshipped Ashenzari.
Ashenzari was extremely pleased with you.
You were not hungry.
You were a creature of crystalline ice.
You visited 3 branches of the dungeon, and saw 18 of its levels.
You also visited: Bailey and Ice Cave.

You collected 1060 gold pieces.
You spent 335 gold pieces at shops.

Inventory:

Hand Weapons
 x - the cursed +3 mace of Uskayaw (melded) {freeze, +Blink rC- Int+5 SInv}
   (You found it on level 7 of the Dungeon)

   It has been specially enchanted to freeze those struck by it, causing extra
   injury to most foes and up to half again as much damage against particularly
   susceptible opponents.
   It can also slow down cold-blooded creatures.
   It affects your intelligence (+5).
   It makes you vulnerable to cold.
   It lets you see invisible.
   It lets you blink.
   It has a curse placed upon it.
Missiles
 d - 3 atropa-tipped darts
 j - 85 poisoned darts
 y - 8 boomerangs (quivered)
Armour
 h - a cursed +1 hat of intelligence (melded)
 t - a +0 pair of gloves (melded)
 E - a +1 pair of boots (melded)
 J - a +0 cloak (melded)
Magical Staves
 G - an uncursed staff of air
Jewellery
 n - a cursed amulet of magic regeneration (around neck)
 A - the cursed ring of Ynto (left front paw) {rC+ EV+4 Int+4 Dex+2}
   (You bought it in a shop on level 6 of the Dungeon)

   [ring of evasion]

   It affects your evasion (+4).
   It affects your intelligence (+4).
   It affects your dexterity (+2).
   It protects you from cold.
   It has a curse placed upon it.
 H - the cursed ring "Weefraqapt" (right front paw) {rElec Int+6 Stlth+}
   (You found it in a bailey)

   [ring of intelligence]

   It affects your intelligence (+6).
   It insulates you from electricity.
   It makes you more stealthy.
   It has a curse placed upon it.
Wands
 a - a wand of random effects (6)
 o - a wand of disintegration (11)
 F - a wand of paralysis (7)
Scrolls
 f - 4 scrolls of teleportation
 g - 5 scrolls of amnesia
 q - 5 scrolls of remove curse
 r - a scroll of fear
 s - a scroll of enchant armour
 v - 2 scrolls of enchant weapon
 B - 2 scrolls of magic mapping
 D - 2 scrolls of identify
 I - a scroll of blinking
 K - 3 scrolls of holy word {unknown}
 M - a scroll of fog {unknown}
Potions
 c - 2 potions of stabbing
 e - 3 potions of curing
 i - 2 potions of degeneration {unknown}
 k - 3 potions of flight
 m - 4 potions of ambrosia
 p - 2 potions of might
 u - 5 potions of haste
 w - a potion of cancellation {unknown}
 z - a potion of brilliance {unknown}
 C - 2 potions of berserk rage
Comestibles
 b - 17 rations
 L - 3 chunks of flesh


   Skills:
 - Level 10.0 Fighting
 + Level 9.2(13.0) Maces & Flails
 - Level 2.0 Throwing
 - Level 10.0 Dodging
 - Level 2.0 Stealth
 + Level 12.9 Spellcasting
 - Level 6.8(10.8) Conjurations
 - Level 3.6(7.2) Translocations
 - Level 6.6(10.7) Ice Magic
 - Level 3.3(6.8) Evocations


You had 26 spell levels left.
You knew the following spells:

 Your Spells              Type           Power        Failure   Level  Hunger
a - Magic Dart            Conj           ####         1%          1    None
b - Searing Ray           Conj           ######       1%          2    None
c - Iskenderun's Mystic   Conj/Tloc      ######..     1%          4    None
d - Ice Form              Ice/Tmut       ######..     2%          4    None

Your spell library contained the following spells:

 Spells                   Type           Power        Failure   Level  Hunger
 Beastly Appendage        Tmut           ###...       1%          1    None
 Foxfire                  Conj/Fire      ####         1%          1    None
 Conjure Flame            Conj/Fire      ######..     1%          3    None
 Dazzling Flash           Conj/Hex       ######       1%          3    None
 Sticks to Snakes         Tmut           ###.....     2%          2    None
 Fulminant Prism          Conj/Hex       ######....   2%          4    None
 Sticky Flame             Conj/Fire      ######..     2%          4    None
 Inner Flame              Hex/Fire       ###.....     5%          3    None
 Spider Form              Tmut/Pois      ###.......   5%          3    None
 Fireball                 Conj/Fire      ######....   6%          5    None
 Blade Hands              Tmut           ###.......   45%         5    None


Dungeon Overview and Level Annotations

Branches:
Dungeon (11/15)            Temple (1/1) D:4            Lair (6/6) D:10
 Shoals (0/4) Lair:4        Snake (0/4) Lair:4       Bailey (visited)
  IceCv (visited)
  Slime: Lair:5-6       Orc: D:9-12

Altars:
Ashenzari
Cheibriados
Dithmenos
Elyvilon
Fedhas
Gozag
Hepliaklqana
Kikubaaqudgha
Makhleb
Nemelex Xobeh
Okawaru
Qazlal
Ru
Sif Muna
Trog
Uskayaw
Vehumet
Wu Jian
Xom
Zin
The Shining One

Shops:
D:5 *   D:6 ?%*


Innate Abilities, Weirdness & Mutations

((You can breathe waves of freezing cold.))
((You can buffet flying creatures when you breathe cold.))
((Your icy white scales are hard. (AC +8)))
You cannot fit into any form of body armour.
((Your flesh is cold resistant. (rC+)))
((You are cold-blooded and may be slowed by cold attacks.))
Your mind is very acute. (Int +4)
((Your flesh is heat resistant. (rF+)))
You passively map a small area around you.


Message History

* * * LOW HITPOINT WARNING * * *
The meliai misses you. The meliai closely misses you.
The meliai completely misses you.
You punch the meliai! You freeze the meliai.
The meliai is heavily wounded.
The meliai calls down the wrath of its god upon you.
Something smites you!
* * * LOW HITPOINT WARNING * * *
The meliai completely misses you. The meliai barely misses you. x2
The meliai stings you.
* * * LOW HITPOINT WARNING * * *
You barely miss the meliai.
The meliai is heavily wounded.
The meliai hits you but does no damage.
You are poisoned.
The meliai stings you!
* * * LOW HITPOINT WARNING * * *
The meliai calls down the wrath of its god upon you.
Something smites you!
You die...

, , , * ,, * , , .,, , ,, , * ,*
**** ,, , #. , **, * **.......
#.+#,, * ** #...... *#.. # * *
#...(.. ###..#.## ###### ##
##...... #.PP+.#.# #####.##.##.#
#....... #.......#
##..#..y..#..####......
#.......###.....Y......##.[......
.......#.##..................t?>.
.........#......÷........##...YYY
........÷.PP...........#...kY....
#............)...........#.......
#.......P#..............##.....F.
##..+#####...............#.......
###,* #.#.........).P####.###. **
##.###.#.P÷...## #., ,#


You could see a meliai.

Vanquished Creatures
  2 hydras (Lair:1)
  Urug (Lair:4)
  4 death yaks (Lair:3)
  A cyclops (D:11)
  A necromancer (IceCv)
  A manticore (D:11)
  2 elephants (Lair:4)
  4 ice statues (IceCv)
  4 black mambas
  A centaur zombie (D:11)
  12 spiny frogs
  Maggie (D:7)
  A komodo dragon (Lair:2)
  A rime drake (Lair:5)
  5 ice devils (IceCv)
  4 meliai
  13 blink frogs
  6 hippogriffs
  A shadow (D:10)
  A spriggan (D:8)
  18 yaks
  A water elemental (D:10)
  2 wyverns
  3 basilisks
  3 vampire mosquitoes (D:11)
  A hungry ghost (D:11)
  9 water moccasins
  2 sky beasts
  9 porcupines
  14 orc warriors
  An ice beast (D:9)
  4 phantoms
  2 black bears
  8 ogres
  2 necrophages
  14 centaurs
  8 wolves
  6 crocodiles
  A big kobold (D:7)
  14 bullfrogs
  2 scorpions
  A water moccasin skeleton (D:4)
  2 killer bees (Lair:5)
  A howler monkey (D:6)
  9 wights
  2 bullfrog zombies (D:5)
  8 crimson imps
  A draconian simulacrum (IceCv)
  An orc priest (D:9)
  5 hounds
  2 jellies
  Crazy Yiuf (D:7)
  A centaur skeleton (D:9)
  2 bullfrog skeletons
  5 worker ants
  Terence (D:3)
  4 iguanas
  5 orc wizards
  2 troll simulacra (IceCv)
  A hound zombie (D:11)
  A howler monkey zombie (D:10)
  11 gnolls
  2 howler monkey skeletons
  5 ogre simulacra (IceCv)
  11 adders
  2 naga simulacra (IceCv)
  4 shadow imps
  2 oozes
  An adder zombie (D:6)
  5 worms
  2 leopard geckos
  38 orcs
  3 ball pythons
  5 giant cockroaches
  9 goblins
  3 hobgoblins
  10 kobolds
  6 quokkas
  10 bats
  5 frilled lizards
  A jackal skeleton (D:4)
  A leopard gecko skeleton (D:8)
  11 rats
  3 fungi
395 creatures vanquished.

Vanquished Creatures (others)
  9 fungi
  6 plants
15 creatures vanquished.

Grand Total: 410 creatures vanquished

Notes
Turn   | Place    | Note
-------+----------+-------------------------------------------
     0 | D:1      | hawla the Draconian Conjurer began the quest for the Orb.
     0 | D:1      | Reached XP level 1. HP: 14/14 MP: 3/3
   271 | D:1      | Reached XP level 2. HP: 20/20 MP: 1/5
   385 | D:1      | Learned a level 2 spell: Searing Ray
   502 | D:1      | Reached skill level 3 in Spellcasting
   907 | D:1      | Reached XP level 3. HP: 26/26 MP: 4/7
  1520 | D:2      | Reached skill level 4 in Spellcasting
  1650 | D:2      | Reached XP level 4. HP: 33/33 MP: 7/10
  1656 | D:2      | Learned a level 4 spell: Iskenderun's Mystic Blast
  2340 | D:3      | Reached XP level 5. HP: 38/38 MP: 8/12
  2410 | D:3      | Found a shattered altar of Ashenzari.
  2449 | D:3      | Became a worshipper of Ashenzari the Shackled
  2558 | D:3      | Noticed Terence
  2565 | D:3      | Killed Terence
  2565 | D:3      | Reached skill level 5 in Spellcasting
  2596 | D:3      | Noticed a phantom
  2620 | D:3      | Killed a phantom
  2875 | D:4      | Found a white marble altar of Elyvilon.
  2975 | D:4      | Noticed a phantom
  3021 | D:4      | Killed a phantom
  3021 | D:4      | Reached skill level 6 in Spellcasting
  3021 | D:4      | Reached XP level 6. HP: 15/45 MP: 1/15
  3458 | D:4      | Found a staircase to the Ecumenical Temple.
  3466 | Temple   | Entered the Ecumenical Temple
  3594 | D:4      | Reached skill level 7 in Spellcasting
  3722 | D:4      | Your scales start taking on an icy white colour.
  3722 | D:4      | Reached XP level 7. HP: 50/50 MP: 11/17
  3722 | D:4      | Gained mutation: Your flesh is cold resistant. (rC+) [White
                  | Draconian growth]
  4109 | D:5      | Entered Level 5 of the Dungeon
  4312 | D:5      | Reached skill level 8 in Spellcasting
  4312 | D:5      | Reached skill level 1 in Fighting
  4401 | D:5      | Found a bloodstained altar of Trog.
  4516 | D:5      | Reached skill level 1 in Translocations
  4703 | D:5      | Reached * piety under Ashenzari
  4795 | D:5      | Found a stormy altar of Qazlal.
  4816 | D:5      | Reached XP level 8. HP: 62/62 MP: 17/20
  5116 | D:5      | Found a hide-covered altar of Uskayaw.
  5119 | D:5      | Noticed a +0 hand axe
  5119 | D:5      | Noticed a +0 dagger
  5274 | D:5      | Found Hixzu's Assorted Antiques.
  5282 | D:5      | Bought a brass ring for 120 gold pieces
  5547 | D:6      | Found Yvyrghao's Food Shop.
  5609 | D:6      | Found a white marble altar of Elyvilon.
  5653 | D:6      | Reached skill level 5 in Conjurations
  5994 | D:6      | Found Cofelu's Magic Scroll Emporium.
  6010 | D:6      | Bought a scroll of random uselessness for 13 gold pieces
  6010 | D:6      | Bought a scroll of identify for 26 gold pieces
  6010 | D:6      | Bought a scroll of identify for 26 gold pieces
  6014 | D:6      | Gained mutation: Your mind is acute. (Int +2) [potion of
                  | mutation]
  6014 | D:6      | Gained mutation: You passively map a small area around you.
                  | [potion of mutation]
  6014 | D:6      | Gained mutation: Your mind is very acute. (Int +4) [potion
                  | of mutation]
  6014 | D:6      | Gained mutation: Your flesh is heat resistant. (rF+)
                  | [potion of mutation]
  6027 | D:6      | Found Sisk's Assorted Antiques.
  6032 | D:6      | Bought a scroll labeled KIOKOV FY AZXU for 25 gold pieces
  6032 | D:6      | Bought a translucent tin ring for 125 gold pieces
  6032 | D:6      | Identified the ring of Ynto {rC+ EV+4 Int+4 Dex+2} (You
                  | bought it in a shop on level 6 of the Dungeon)
  6208 | D:6      | Found a glowing golden altar of the Shining One.
  6323 | D:7      | Reached skill level 5 in Fighting
  6333 | D:7      | Reached skill level 1 in Evocations
  6336 | D:7      | Noticed Maggie
  6347 | D:7      | Killed Maggie
  6347 | D:7      | Reached XP level 9. HP: 64/74 MP: 5/21
  6375 | D:7      | Found a flagged portal.
  6411 | Bailey   | Entered a bailey
  6823 | Bailey   | Reached skill level 5 in Dodging
  7586 | Bailey   | Identified the ring "Weefraqapt" {rElec Int+6 Stlth+}
  7736 | Bailey   | Reached skill level 9 in Spellcasting
  8337 | D:7      | Reached XP level 10. HP: 81/81 MP: 20/23
  8357 | D:7      | Found a runed translucent door.
  8358 | D:7      | Noticed Crazy Yiuf
  8376 | D:7      | Identified the +9 hand crossbow "Vena" {freeze, rElec}
  8661 | D:7      | Killed Crazy Yiuf
  8679 | D:7      | Got the cursed mace of Uskayaw {freeze, +Blink rC- Int+5
                  | SInv}
  8680 | D:7      | Identified the cursed +3 mace of Uskayaw {freeze, +Blink
                  | rC- Int+5 SInv} (You found it on level 7 of the Dungeon)
  8726 | D:8      | Found an opulent altar of Gozag.
  9381 | D:8      | Found a shimmering blue altar of Sif Muna.
  9384 | D:8      | Reached ** piety under Ashenzari
  9514 | D:9      | Reached skill level 10 in Spellcasting
  9514 | D:9      | Reached XP level 11. HP: 91/91 MP: 23/25
  9670 | D:9      | Found a burning altar of Makhleb.
 10337 | D:9      | Found a sacrificial altar of Ru.
 10482 | D:10     | Entered Level 10 of the Dungeon
 10596 | D:10     | Found a staircase to the Lair.
 11256 | D:10     | Reached *** piety under Ashenzari
 11866 | D:11     | Noticed a storm dragon
 11996 | D:11     | Reached skill level 1 in Throwing
 12251 | D:11     | Reached skill level 11 in Spellcasting
 12345 | D:11     | Identified the cursed +1 falchion "Yghuynuc" {flame, +Rage
                  | MR+ Stlth+}
 12356 | D:11     | Reached XP level 12. HP: 34/100 MP: 3/27
 12786 | Temple   | Identified a scroll of acquirement
 12786 | Temple   | Acquired a cursed +1 hat of intelligence
 12922 | Lair:1   | Entered Level 1 of the Lair of Beasts
 12922 | Lair:1   | Noticed a six-headed hydra
 12931 | Lair:1   | Killed a six-headed hydra
 13231 | Lair:1   | Reached skill level 5 in Maces & Flails
 13979 | Lair:1   | Noticed a four-headed hydra
 13994 | Lair:1   | Killed a four-headed hydra
 14858 | Lair:2   | Found a frozen archway.
 14869 | IceCv    | Entered an ice cave
 14955 | IceCv    | Reached **** piety under Ashenzari
 16173 | Lair:2   | Reached XP level 13. HP: 111/111 MP: 23/28
 16623 | Lair:2   | Reached skill level 10 in Dodging
 16623 | Lair:2   | Reached skill level 12 in Spellcasting
 17083 | Lair:2   | Learned a level 4 spell: Ice Form
 18018 | Lair:3   | Reached skill level 10 in Fighting
 18640 | Lair:4   | Found a staircase to the Shoals.
 18744 | Lair:4   | Found a staircase to the Snake Pit.
 19189 | Lair:4   | Noticed Urug
 19211 | Lair:4   | Killed Urug
 19412 | Lair:4   | You fall into a shaft and drop 2 floors!
 19412 | Lair:6   | Entered Level 6 of the Lair of Beasts
 19470 | Lair:5   | Reached ***** piety under Ashenzari
 19799 | Lair:5   | HP: 4/135 [meliai/divine providence (13)]
 19993 | Lair:5   | Killed from afar by a meliai

Illustrated notes

Levels and vault maps discovered:
D:1:      dpeg_arrival_chambers_temple_mockup, layout_basic
D:2:      layout_rooms
D:3:      cheibrodos_old_hovel, layout_loops_cross, first_ration,
          evilmike_ruin_ashenzari, uniq_terence
D:4:      layout_loops_ring, elyvilon_altar_1, temple_statues
D:5:      layout_layer_cave, kennysheep_little_box, grunt_qazlal_clouds,
          dancing_weapons_uskayaw, serial_shops, nicolae_shop_crystal
D:6:      layout_cave_pools, kennysheep_mini_moat, serial_shops,
          nicolae_shop_competitors_out_of_business, shop, shop, basic_altar
D:7:      layout_loops_ring, enter_bailey_2, uniq_crazy_yiuf_cottage,
          uniq_maggie
D:8:      layout_basic, led_sif_pool, lemuel_mausoleum_altar_yredelemnul,
          grunt_pizzeria, nicolae_gozag_seed_capital
D:9:      layout_irregular_city, lemuel_crystal_altar,
          nicolae_overflow_hidden_temple, minivault_26
D:10:     layout_irregular_city, due_lair_maze_entry_diamond,
          kennysheep_opposing_triangles
D:11:     minmay_the_grid_square_5x5_5x5 [minmay_the_grid_square_5x5_dogpile,
          minmay_the_grid_square_5x5_half_checkered,
          minmay_the_grid_square_5x5_longway,
          minmay_the_grid_square_5x5_three_small, minmay_the_grid_square_5x5_z,
          minmay_the_grid_square_5x5_lines,
          minmay_the_grid_square_5x5_prize_pseudospiral,
          minmay_the_grid_square_5x5_inset,
          minmay_the_grid_square_5x5_prize_waves,
          minmay_the_grid_square_5x5_n_small, minmay_the_grid_square_5x5_bite,
          minmay_the_grid_square_5x5_fancy_junction,
          minmay_the_grid_square_5x5_prize_junk,
          minmay_the_grid_square_5x5_eight_small,
          minmay_the_grid_square_5x5_checkered,
          minmay_the_grid_square_5x5_gyroscope,
          minmay_the_grid_square_5x5_prize_open,
          minmay_the_grid_square_5x5_comb,
          minmay_the_grid_square_5x5_prize_rear_guard,
          minmay_the_grid_square_5x5_bridge, minmay_the_grid_square_5x5_forky,
          minmay_the_grid_square_5x5_meh, minmay_the_grid_square_5x5_slash,
          minmay_the_grid_square_5x5_checkered_statues,
          minmay_the_grid_square_5x5_tetrominoes], layout_rooms,
          kennysheep_island_fort, uniq_fannar
Temple:   minmay_freezing_vapour_temple
Lair:1:   layout_layer_cave
Lair:2:   layout_cave_pods, portal_ice_cave_entry_pillars_2,
          beast_lair_carwin_8, grunt_megastairs_5
Lair:3:   layout_misc_corridors
Lair:4:   layout_cellular_growth, elwin_shoals_entry_rocks, dummy_snake_entry,
          ebering_ghost_funeral_grove, minmay_holes, lemuel_fruit_tree,
          uniq_urug
Lair:5:   layout_roguey [special_room_bee]
Lair:6:   evilmike_catoblepas_cave, layout_hall_layers, slime_altar_1,
          minivault_11, minivault_25, minmay_lair_oklob_items,
          serial_bayou_pond_e

Skill      XL: |  1  2  3  4  5  6  7  8  9 10 11 12 13 |
---------------+----------------------------------------+-----
Spellcasting   | 3 4 6 7 8 9 10 11 12 | 12.9
Fighting       | 2 5 6 7 9 10 | 10.0
Translocations | 1 3 |  3.6
Conjurations   | 5 6 |  6.8
Dodging        | 3 6 7 8 9 10 | 10.0
Stealth        | 2 |  2.0
Evocations     | 2 3 |  3.3
Maces & Flails | 3 4 7 9 |  9.2
Ice Magic      | 6 |  6.6
Throwing       | 2 |  2.0

Action                   |  1- 3 |  4- 6 |  7- 9 | 10-12 | 13-15 || total
-------------------------+-------+-------+-------+-------+-------++-------
Melee: Unarmed           |    18 |       |       |       |    41 ||    59
       Tailslap          |     1 |       |     5 |    11 |     6 ||    23
       Short sword       |       |    13 |    29 |       |       ||    42
       Halberd           |       |       |     7 |       |       ||     7
       Mace              |       |       |       |    79 |    35 ||   114
 Cast: Magic Dart        |    58 |    55 |   146 |   139 |    42 ||   440
       Searing Ray       |    11 |    43 |    88 |   144 |    43 ||   329
       Iskenderun's Myst |       |       |    12 |    53 |    33 ||    98
       Ice Form          |       |       |       |       |     4 ||     4
Invok: Curse Item        |       |       |     2 |     1 |       ||     3
 Abil: Evoke Blink       |       |       |       |     1 |     2 ||     3
Evoke: Wand              |       |       |       |     4 |       ||     4
  Use: Scroll            |       |     5 |     6 |    12 |     4 ||    27
       Potion            |       |     2 |     1 |     8 |     4 ||    15
 Stab: Invisible         |       |       |       |     3 |       ||     3
       Sleeping          |       |       |       |     1 |       ||     1
  Eat: Chunk             |     3 |     7 |     8 |    14 |     8 ||    40
       Ration            |       |       |     2 |     3 |     1 ||     6
Armor: Skin              |    14 |    17 |    16 |    77 |    33 ||   157
Dodge: Dodged            |    19 |    22 |   101 |   264 |   198 ||   604
